Map: Year Zero LE

Players

Bly - Winner!

  • Race: Zerg Zerg
  • Spawn Location: 1:00

Zanster

  • Race: Zerg Zerg
  • Spawn Location: 11:00

Event: 2019 WCS Spring

VOD

Have the link to the VOD?

Description

Time

  • Played on: May 17, 2019, 6:54 a.m.
  • Length: 5:13

All games in this series

Show
View Real Time Build Order
Export as new Build Order

Bly Zerg - Winner!

Build Orders: Hatch First, Roach Nydus 

Get SALT Encoding   

  12  0:02  Drone  
  13  0:12  Overlord  
  13  0:18  Drone  
  14  0:31  Drone x2  
  16  0:50  Hatchery  
  16  0:53  Drone  
  16  0:56  Drone  
  17  1:00  Drone  
  18  1:07  Extractor  
  17  1:15  Spawning Pool  
  16  1:18  Drone  
  16  1:22  Drone  
  18  1:30  Drone  
  19  1:43  Drone  
  20  1:51  Overlord  
  20  2:02  Queen  
  20  2:03  Zergling x4  
  20  2:08  Lair  
  24  2:12  Drone  
  24  2:13  Drone  
  26  2:21  Drone  
  27  2:28  Drone  
  28  2:34  Drone  
  28  2:36  Drone  
  30  2:42  Queen  
  32  2:47  Drone  
  32  2:49  Overlord  
  33  2:52  Extractor  
  33  2:56  Overlord  
  33  2:57  Roach Warren  
  31  3:08  Nydus Network  
  31  3:10  Queen  
  32  3:19  Drone x3  
  35  3:41  Roach x3  
  39  3:42  Evolution Chamber  
  39  3:43  Evolution Chamber  
  39  3:45  Roach  
  39  3:50  Roach  
  39  3:52  Roach  
  43  3:56  Roach  
  43  3:59  Nydus Canal  
  45  4:06  Roach  
  45  4:07  Roach  
  49  4:12  Roach  
  51  4:31  Overlord  
  51  4:36  Nydus Canal  
  51  4:46  Overlord  
  51  4:51  Roach x4  
  59  4:53  Nydus Canal  
Show
View Real Time Build Order
Export as new Build Order

Zanster Zerg 

Build Orders: Hatch First 

Get SALT Encoding   

  12  0:00  Drone  
  13  0:13  Overlord  
  13  0:17  Drone  
  14  0:32  Drone x2  
  16  0:50  Hatchery  
  16  0:52  Drone  
  16  0:56  Drone  
  17  0:59  Drone  
  18  1:10  Extractor  
  17  1:15  Spawning Pool  
  17  1:17  Drone  
  17  1:22  Drone  
  18  1:28  Drone  
  19  1:40  Drone  
  20  1:50  Drone  
  21  2:02  Overlord, Queen x2  
  25  2:10  Metabolic Boost  
  25  2:17  Drone x3  
  29  2:22  Drone  
  29  2:23  Drone  
  30  2:34  Zergling x2  
  30  2:35  Zergling x2  
  32  2:42  Hatchery  
  31  2:45  Zergling x2  
  31  2:50  Overlord  
  32  2:54  Drone  
  33  2:59  Drone  
  34  3:08  Roach Warren, Drone  
  34  3:09  Drone  
  35  3:13  Zergling x6  
  35  3:15  Drone  
  35  3:16  Drone  
  40  3:21  Drone x2  
  40  3:24  Overlord  
  42  3:37  Drone  
  42  3:40  Drone  
  44  3:45  Drone x4  
  44  3:47  Drone  
  44  3:48  Evolution Chamber  
  48  3:51  Drone x2  
  48  3:52  Drone  
  51  3:58  Drone  
  51  4:00  Overlord  
  51  4:05  Roach  
  51  4:06  Spine Crawler  
  51  4:08  Roach  
  51  4:09  Roach  
  56  4:14  Overlord  
  56  4:24  Roach  
  56  4:25  Roach x4  
  56  4:27  Roach  
  56  4:28  Zergling x2  
  65  4:35  Roach  
  65  4:37  Zergling x4  
  65  4:47  Zergling x6  
  65  4:49  Zergling x2  
Tags
 
Add a new tag
Caveats
  • Supply blocks, unpowered buildings, or Contaminate may cause inaccurate times.
  • Supply counts are checked every 10 seconds.